Workbook

Sheet Dados
A2: ANEXO IX - PLANILHA 1
A4: ITEM 1 - LOCAÇÃO MICRO ÔNIBUS 30 PASSAGEIROS + MOTORISTA
A6: DADOS DA CONTRATAÇÃO
A7: Empresa:____________________________________________ CNPJ: ___________________
D8: Dias Viagens
D9: N° de viagens/ano | G9: 136.36364
D10: N° de meses com transporte | G10: 12
D11: Média viagens/mês | G11: 11.363636
D17: Veículo | E17: Nº Passageiros
D18: Micro ônibus | E18: 30
D19: Total | E19: =SUM(E18:E18) -> 30
D21: Quilometragem
D22: Ex. Saida de SVSul chegada Santa Maria/RS (ida e volta) | E22: Efetiva | G22: Total
E23: 220 | G23: 220
D24: Total | E24: =E23 -> 220 | G24: =SUM(G23:G23) -> 220
D26: Tempo
D28: Horário de execução do serviço
D29: Turno | E29: Início | F29: Término | G29: Total
D30: Início da manhã | E30: 0.22222222 | F30: 0.28125 | G30: =F30-E30 -> 0.059027778
D31: Final da manhã | E31: 0.48958333 | F31: 0.55555556 | G31: =F31-E31 -> 0.065972222
D32: Total | G32: =SUM(G30:G31) -> 0.125
D34: Tempo de utilização diária - recursos humanos e veículos
D35: Em horas
E36: Efetivo | F36: Morto | G36: Total
D37: Início da manhã | E37: =F30-E30 -> 0.059027778 | F37: =E31-F30 -> 0.20833333 | G37: =E37+F37 -> 0.26736111
D38: Final da manhã | E38: =F31-E31 -> 0.065972222 | G38: =E38+F38 -> 0.065972222
D39: Total | E39: =SUM(E37:E38) -> 0.125 | F39: =SUM(F37:F38) -> 0.20833333 | G39: =SUM(G37:G38) -> 0.33333333
D41: Tempo de utilização diária - veículos
D42: Transformado em números para cálculo da taxa de uso
E43: Efetivo | F43: Morto | G43: Total
D44: Início da manhã | E44: =G30*24 -> 1.4166667 | F44: =(E31-F30)*24 -> 5 | G44: =E44+F44 -> 6.4166667
D45: Final da manhã | E45: =G31*24 -> 1.5833333 | G45: =E45+F45 -> 1.5833333
D46: Total | E46: =SUM(E44:E45) -> 3 | F46: =SUM(F44:F45) -> 5 | G46: =SUM(G44:G45) -> 8
D48: Tempo de utilização mensal - veículos
D49: Transformado em números para cálculo da taxa de uso
D50: Mensal | E50: Efetivo | F50: Morto | G50: Total
E51: =E46*G11 -> 34.090908 | F51: =F46*G11 -> 56.81818 | G51: =E51+F51 -> 90.909088
D52: Mínimo | G52: =E51 -> 34.090908
D53: Máximo | G53: =G51 -> 90.909088
D54: Taxa de uso efetivo | G54: =(G52*G55)/G53 -> 0.375
D55: Taxa de uso total | G55: 1
D57: Veículos
D58: Características do veículo
D60: Tipo | G60: MICROÔNIBUS | I60: Baseado no veículo utilizado para execução do contrato nº 080/2022 firmado com a empresa LEONARDO CRISTOFARI MANZONI E CIA LTDA CNPJ nº 10.683.880/0001-00
D61: Capacidade mínima de passageiros | G61: =E18 -> 30
D62: Combustível | G62: Diesel
D63: Ano | G63: 2018
D64: KM/l | G64: 5
D68: Manutenção (peças e acessórios)
D69: Base de cálculo | F69: consumo de combustível | I69: estimativa cfe planilha transporte escolar ano letivo 2022 descontando pneus e óleos
D70: Taxa de manutenção | G70: 0.6
D72: Óleos/lubrificantes
D73: Base de cálculo | F73: consumo de combustível | I73: http://lproweb.procempa.com.br/pmpa/prefpoa/eptc/usu_doc/manual_de_calculo_tarifario_internet_versao_final_2015.pdf
D74: Coeficiente | G74: 0.000222
D76: Rodagem
D77: Tipo de veículo | E77: Quant. pneus | F77: KM | G77: Valor
D78: Micro ônibus ano 2018 | E78: 6 | G78: 8151 | I78: Baseado no veículo utilizado para execução do contrato nº 080/2022 firmado com a empresa LEONARDO CRISTOFARI MANZONI E CIA LTDA CNPJ nº 10.683.880/0001-00
D79: Recapagem/pneu | E79: 6 | G79: 3720
D80: Vida útil por pneu | F80: 54869 | I80: http://lproweb.procempa.com.br/pmpa/prefpoa/eptc/usu_doc/manual_de_calculo_tarifario_internet_versao_final_2015.pdf
D81: Vida útil / recapagem | F81: 56597
D82: Total da vida útil por pneu | F82: =(F80+(F81*E79)) -> 394451
D83: Valor do pneu Micro ônibus | G83: 1325.5 | I83: Baseado no veículo utilizado para execução do contrato nº 080/2022 firmado com a empresa LEONARDO CRISTOFARI MANZONI E CIA LTDA CNPJ nº 10.683.880/0001-00
D84: Valor da recapagem pneu Micro ônibus | G84: 620
D86: Valores
D87: Veículo 1 - Itinerário 1 - manhã | F87: Quant. / lt/Fator | G87: Valor
D88: Investimento sem rodagem | F88: 1 | G88: 200000 | I88: Baseado no veículo utilizado para execução do contrato nº 080/2022 firmado com a empresa LEONARDO CRISTOFARI MANZONI E CIA LTDA CNPJ nº 10.683.880/0001-00
D89: Licenciamento/Seguro obrigatório e terceiros | F89: 1 | G89: 2913.2
D90: IPVA | F90: 1 | G90: 2115.93
D91: DPVAT | F91: 1
D92: Vistoria | F92: 2 | G92: 800
D93: Aferição do Tacógrafo | F93: 1 | G93: 630
D94: Combustível | F94: 1 | G94: 7.733 | I94: R$/litro Média preços praticados nos postos de combustíveis de SvSul
D95: Depreciação anual - Método de Cole | F95: =0.85 *(6/55) -> 0.092727273 | G95: =(G88-G97)*F95 -> 11464.463 | I95: importar dados da planilha depreciação
D96: Remuneração de capital anual | F96: =(1-(0.85*(40/55)))*0.12 -> 0.045818182 | G96: =((G88-G97)-G95)*F96 -> 5139.5125 | I96: importar dados da planilha depreciação
D97: Valor residual do veículo | F97: =[1]Depreciação!$G$8 -> 0 | G97: =Depreciação!$I$35 -> 76363.636 | I97: importar dados da planilha depreciação
D99: Recursos humanos
D101: Sind Empr Transp Passag Vales Rio Pardo - Taquari e Jacui | F101: Nº REGISTRO MTE: RS000184/2022CCT
D102: Data-Base da Categoria | F102: 44713
D104: Motorista | G104: Valor mensal | I104: Referência: Convenção Coletiva Trabalho 2021/2022 Sindicato empresas transporte passageiros vales do Rio Pardo - Taquari e Jacui
D105: Salário Normativo | G105: 2287.09
E106: Quant. | F106: Valor | G106: Desconto
D107: Vale alimentação | G107: 0
D108: Plano de Saúde | F108: 0 | G108: 0
D109: Vale Transporte | F109: 0 | G109: 0
D111: Despesas administrativas
G112: Valor anual
D113: Seguro de responsabilidade civil | G113: 0
D114: Despesas não operacionais | G114: 0.059 | I114: estimativa cfe planilha transporte escolar ano letivo 2022
D116: Lucro | G116: 0.1 | I116: estimativa cfe planilha transporte escolar ano letivo 2022
A118: OBS.: Preencher somente células em amarelo para adequar os dados e custos ao veículo a ser utilizado para a execução da prestação de serviços.

Sheet Motorista-8h
A1: ANEXO IX - PLANILHA 2
A2: =Dados!$A$4 -> ITEM 1 - LOCAÇÃO MICRO ÔNIBUS 30 PASSAGEIROS + MOTORISTA
A4: CUSTO MENSAL COM M0TORISTA
A5: Empresa:____________________________________________ CNPJ: ___________________
A6: Módulo 1 - Composição da Remuneração | E6: 8h - R$ | F6: 8h - R$ | I6: Exemplo
A7: Salário Normativo | E7: =Dados!G105 -> 2287.09 | F7: =$E$7 -> 2287.09 | I7: =(((8*5)+(1*4))*5) -> 220 | K7: Carga horária de 8h - 40 semanais
A8: Adicional de insalubridade | I8: =(((8*5)+(1*4))*5) | K8: Mínimo 4 horas diárias - CCT - Cláusula 3ª - § 1º
A9: Adicional noturno | I9: =(40/5)*30 -> 240 | K9: Proporcional ao nº de horas semanais trabalhadas para o Município.
A10: Hora noturna adicional | I10: =(40/5)*30 | K10: =Dados!G46*5 -> 40 | L10: h semanais | M10: 8 h diárias
A11: Adicional de Hora Extra | J11: 40 | K11: =8horas*5dias
A12: Intervalo Intrajornada
A13: Total da remuneração | F13: 2287.09
A15: Módulo 2 - Benefícios mensais e diários | F15: R$
A16: Transporte | F16: =((Dados!F109*Dados!E109)*Dados!G11)-(Dados!G105*Dados!G109) -> 0
A17: Auxílio alimentação (Vales, Cesta Básica etc.) | F17: 640 | I17: (Valor do vale-alimentação x nº dias trabalhados mês x nº de vales ao dia) - (((Valor da vale-alimentação x nº dias trabalhados mês x nº vales dia) x percentual de desconto)
A18: Assistência médica e familiar | F18: =(Dados!F108-(Dados!F108*Dados!G108)) -> 0
A19: Auxílio creche | J19: Uniformes
A20: Seguro de Vida, Invalidez e Funeral | J20: Quant. | K20: Descrição | L20: Valor | M20: R$ Anual | N20: R$ Mensal
A21: Outros | J21: 2 | K21: Calças ...
A22: Total dos Benefícios mensais e diários | F22: =SUM(F16:F21) -> 640 | J22: 3 | K22: Camisas ... | M22: =L22*3 -> 0 | N22: =M22/10 -> 0
J23: 1 | K23: Sapato ...
A24: Módulo 3 - Insumos diversos | F24: R$ | J24: 1 | K24: Japona ...
A25: Uniformes | F25: =N25 -> 0 | N25: =N22 -> 0
A26: Total do Módulo 3 - Insumos Diversos | F26: =SUM(F25) -> 0
O27: MEMÓRIAS DE CÁLCULO
A28: Módulo 4 - Encargos Trabalhistas | F28: R$
A29: Décimo terceiro | C29: 0.0833 | F29: =F13*C29 -> 190.5146 | O29: AVISO PRÉVIO INDENIZADO
A30: Férias | C30: 0.1111 | F30: =F7*C30 -> 254.0957 | S30: Dias - mínimo | T30: Dias - proporção | U30: Total - Dias | V30: Custo referência c/ a proporção | W30: nº meses - emprego | X30: Subtotal Valor AP | Y30: % trab. (ponderação) | Z30: Valor AP Indenizado
A31: Total do Módulo 4 - Encargos Trabalhistas | F31: =SUM(F29:F30) -> 444.6103 | O31: Referência para aviso-prévio indenizado
O32: Remuneração | R32: =F13 -> 2287.09 | S32: 30 | T32: 0 | U32: =S32+T32 -> 30 | V32: =(R35*U32)/30.4375 -> 2504.6093 | W32: 12 | X32: =V32/W32 -> 208.71744 | Y32: 0.5 | Z32: =X32*Y32 -> 104.35872
A33: Módulo 5 - Encargos Previdenciários | F33: R$ | G33: LC123 | O33: 13º Salário | R33: =F29 -> 190.5146
A34: INSS | D34: 0.2 | F34: =F13*D34 -> 457.418 | G34: =D34 -> 0.2 | H34: =F34 -> 457.418 | O34: Adicional de Férias | R34: =(F13/3)/12 -> 63.530278
A35: SAT/RAT | D35: 0.03 | F35: =F13*D35 -> 68.6127 | G35: =D35 -> 0.03 | H35: =F35 -> 68.6127 | J35: Ver informação da GFIP | O35: Total | R35: =SUM(R32:R34) -> 2541.1349
A36: INCRA/SEST/SEBRAE/SENAT | D36: 0.033 | F36: =F13*D36 -> 75.47397 | U36: FGTS/ AP indenizado | V36: =Z32*8% -> 8.3486977
A37: FGTS | D37: 0.08 | F37: =F13*D37 -> 182.9672 | G37: =D37 -> 0.08 | H37: =F37 -> 182.9672 | O37: Multa rescisória do aviso prévio indenizado
A38: Subtotal | D38: =SUM(D34:D37) -> 0.343 | F38: =SUM(F34:F37) -> 784.47187 | G38: =SUM(G34:G37) -> 0.31 | H38: =SUM(H34:H37) -> 708.9979 | O38: Valor (R$) | P38: Multa rescisória (%) | Q38: FGTS | R38: Subtotal | S38: % trab. (ponderação) | T38: Valor Multa
A39: Incidência Módulo 5 s/Módulo 4 | F39: =F31*D38 -> 152.50133 | H39: =F31*G38 -> 137.82919 | O39: =V32 -> 2504.6093 | P39: 0.5 | Q39: 0.08 | R39: =(O39*P39)*Q39 -> 100.18437 | S39: 0.5 | T39: =R39*S39 -> 50.092186
A40: Total do Módulo 5 - Encargos Previdenciários | F40: =SUM(F38:F39) -> 936.9732 | H40: =SUM(H38:H39) -> 846.82709 | O40: Multa rescisória = 50% (40% + 10%) 40% multa do FGTS e 10% corresponde a contribuição social sobre rescisão sem justa causa
A42: Módulo 6 - Provisão para rescisão | F42: R$ | G42: LC123 | O42: Aviso prévio trabalhado
A43: Aviso prévio indenizado | F43: =Z32 -> 104.35872 | H43: =F43 -> 104.35872
A44: Incidência do FGTS | E44: =D37 -> 0.08 | F44: =F43*E44 -> 8.3486977 | H44: =F44 -> 8.3486977 | O44: Custo de Referência do Aviso Prévio trabalhado | S44: Valor (R$) | T44: LC123
A45: Multa do FGTS s/AP indenizado | F45: =T39 -> 50.092186 | H45: =F45 -> 50.092186 | O45: 1 | P45: Remuneração | S45: =F13 -> 2287.09 | T45: =S45 -> 2287.09
A46: Aviso prévio trabalhado | F46: =W58 -> 170.46537 | H46: =W60 -> 163.95865 | O46: 2 | P46: Benefícios mensais e diários | S46: 640 | T46: =S46 -> 640
A47: Incidência do Módulo 5 s/ Aviso prévio trabalhado | F47: =F46*D38 -> 58.469622 | H47: =F46*G38 -> 52.844265 | O47: 3 | P47: 13º Salário | S47: =F29 -> 190.5146 | T47: =S47 -> 190.5146
A48: Multa do FGTS s/AP trabalhado | F48: =T64 -> 81.823378 | H48: =F48 -> 81.823378 | O48: 4 | P48: Adicional de Férias | S48: =R34 -> 63.530278 | T48: =S48 -> 63.530278
A49: Total do Módulo 6 - Provisão para rescisão | F49: =SUM(F43:F48) -> 473.55798 | H49: =SUM(H43:H48) -> 461.4259 | O49: 5 | P49: GPS | Q49: 0.288 | R49: =F13+F29+F30 -> 2731.7003 | S49: =R49*Q49 -> 786.72969 | T49: =R49*23% -> 628.29107
O50: 6 | P50: FGTS | S50: =F13*8% -> 182.9672 | T50: =S50 -> 182.9672
A51: Módulo 7 - Reposição do profissional ausente | G51: LC123 | S51: =SUM(S45:S50) -> 4150.8318 | T51: =SUM(T45:T50) -> 3992.3931
A52: Ausências Legais (inclui ausência por doença, paternidade e outras) | F52: =S81 -> 33.630909 | H52: =S82 -> 31.924403
A54: Incidência do módulo 5 s/módulo 7 | F54: =F52*D38 -> 11.535402 | H54: =H52*G38 -> 9.8965649
A55: Total do módulo 7- Reposição do profissional ausente | F55: =SUM(F52:F54) -> 45.166311 | H55: =SUM(H52:H54) -> 41.820968
A57: TOTAL DOS ENCARGOS COM MOTORISTA | F57: R$ | G57: LC123 | O57: Custo Referência (R$) | P57: Dias - mínimo | Q57: Dias - proporção | R57: Total - Dias | S57: Custo referência c/ a proporção | T57: nº meses - emprego | U57: Subtotal Valor AP | V57: % trab. (ponderação) | W57: Aviso Prévio trabalhado
A58: Módulo 1 - Composição da Remuneração | F58: =F13 -> 2287.09 | H58: =F58 -> 2287.09 | O58: =S51 -> 4150.8318 | P58: 30 | Q58: =T32 -> 0 | R58: =SUM(P58:Q58) -> 30 | S58: =(O58/30.4375)*R58 -> 4091.1689 | T58: =W32 -> 12 | U58: =S58/T58 -> 340.93074 | V58: 0.5 | W58: =U58*V58 -> 170.46537 | X58: União
A59: Módulo 2 - Benefícios mensais e diários | F59: =F22 -> 640 | H59: =F59 -> 640 | Q59: Cálculo do STF | R59: Dias trabalhados | S59: =(((7/30)/12)*100) -> 1.9444444 | T59: 0.0194 | U59: =S58*T59 -> 79.368676 | W59: =U59*V58 -> 39.684338
A60: Módulo 3 - Insumos diversos | F60: =F26 -> 0 | H60: =F60 -> 0 | N60: LC123 | O60: =T51 -> 3992.3931 | P60: =P58 -> 30 | Q60: =Q58 -> 0 | R60: =R58 -> 30 | S60: =(O60/30.4375)*R60 -> 3935.0076 | T60: =T58 -> 12 | U60: =S60/T60 -> 327.9173 | V60: =V58 -> 0.5 | W60: =U60*V60 -> 163.95865
A61: Módulo 4 - Encargos Trabalhistas | F61: =F31 -> 444.6103 | H61: =F61 -> 444.6103
A62: Módulo 5 - Encargos Previdenciários | F62: =F40 -> 936.9732 | H62: =H40 -> 846.82709 | O62: Multa rescisória do aviso prévio trabalhado
A63: Módulo 6 - Provisão para rescisão | F63: =F49 -> 473.55798 | H63: =H49 -> 461.4259 | O63: Aviso prévio trabalhado | P63: Multa rescisória (%) | Q63: FGTS (8%) | R63: Subtotal | S63: % trab. (ponderação) | T63: Valor Multa
A64: Módulo 7 - Rep. do profissional ausente | F64: =F55 -> 45.166311 | H64: =H55 -> 41.820968 | O64: =S58 -> 4091.1689 | P64: 0.5 | Q64: 0.08 | R64: =(O64*P64)*Q64 -> 163.64676 | S64: 0.5 | T64: =R64*S64 -> 81.823378
A65: TOTAL | F65: =SUM(F58:F64) -> 4827.3978 | H65: =SUM(H58:H64) -> 4721.7743
O66: Custo do Profissional Ausente
O68: Custo Referência p/Custo Rep. Prof. Ausente | R68: LC123
O69: 1 | P69: Remuneração | Q69: =F13 -> 2287.09 | R69: =Q69 -> 2287.09
O70: 2 | P70: Assistência Médica e familiar | Q70: =F18 -> 0 | R70: =Q70 -> 0
O71: 3 | P71: Seguro de Vida | Q71: =F20 -> 0 | R71: =Q71 -> 0
O72: 4 | P72: Uniformes | Q72: =F25 -> 0 | R72: =Q72 -> 0
O73: 5 | P73: 13º Salário | Q73: =F29 -> 190.5146 | R73: =Q73 -> 190.5146
O74: 6 | P74: Auxílio alimentação | Q74: =F17 -> 640 | R74: =Q74 -> 640
O75: 7 | P75: Auxilio creche | Q75: =F19 -> 0 | R75: =Q75 -> 0
O76: 8 | P76: Provisão para Rescisão (exceto incidências) | Q76: =F49 -> 473.55798 | R76: =H49 -> 461.4259
O77: 9 | P77: Adicional de férias | Q77: =S48 -> 63.530278 | R77: =Q77 -> 63.530278
O78: 10 | P78: GPS e FGTS | Q78: =S49+S50 -> 969.69689 | R78: =T49+T50 -> 811.25827
P79: TOTAL | Q79: =SUM(Q68:Q78) -> 4624.3897 | R79: =SUM(R69:R78) -> 4453.819
P80: (A) Vr.Referência | Q80: (B) % Vr. Referencia | R80: ( C ) % reposição (1 - B) | S80: R$
N81: Ausências Legais (inclui ausência por Doença. Licença Paternidade, e outras) | P81: =Q79 -> 4624.3897 | Q81: 0.00722 | R81: =1-Q81 -> 0.99278 | S81: =(Q79*Q81)/R81 -> 33.630909
O82: LC 123 | P82: =R79 -> 4453.819 | Q82: =Q81 -> 0.00722 | R82: =R81 -> 0.99278 | S82: =(P82*Q82)*R82 -> 31.924403
